Megumin, chaotic female elven Wizard ----- --------- |/(%...##...............# # ------- |.[...-.-........1.--.0| #|......# -..%.....|.---------|...####..()..| -.)..........- ---- |.[...| -...............##....- --.(--- ----.|....|..----....- |[| -----..|....|.......-- |%| |..|.............---(-- --.(....---...........-- |......i.|...|......... ----..@ -------....-... --- |...-|..|..|-....... .. | .... |...-|.(|..|--..%..|. | |..- ....... .....-.---|-----...| ... --- ...{... ---...................`... ....... |-..-.---------. ....... ..... |.....|.(((| ......- ..-- |...|.-.(((| ...--- ------..(((.*### ------ Megumin the Thaumaturge Experience level: 9 Strength: 7 Dexterity: 15 Constitution: 14 Intelligence: 20 Wisdom: 10 Charisma: 9 Health: 0(46) Energy: 38(92) AC: 7 Gold: 1092 Moves: 8162 Your Inventory: Coins $ - 1092 gold pieces Weapons a - an [uncursed] fireproof [+0] quarterstaff of reflection (weapon in hands) i - 3 cursed [+0] daggers (in quiver) A - 4 uncursed [+0] daggers R - 3 blessed [+1] daggers Armor b - an uncursed +0 cloak of magic resistance M - an [uncursed] +0 studded leather armor (being worn) Comestibles Q - 2 [uncursed] food rations Scrolls m - an uncursed scroll labeled ASHPD [of food detection] v - an uncursed scroll labeled ELAM EBOW [of punishment] Potions g - an uncursed ruby potion [of fruit juice] l - a cursed muddy potion [of levitation] r - a blessed potion of healing F - a blessed fizzy potion [of monster detection] H - a cursed indigo potion [of enlightenment] K - an uncursed golden potion [of sickness] L - an uncursed magenta potion [of hallucination] N - a cursed puce potion [of see invisible] O - a cursed potion of blindness W - an uncursed black potion [of booze] X - a blessed magenta potion [of hallucination] Rings e - an uncursed ring of warning (on right hand) G - an uncursed ring of sustain ability (on left hand) J - an uncursed agate ring [of levitation] Wands f - an [uncursed] wand of digging [0:5] x - an [uncursed] wand of speed monster [0:4] I - an [uncursed] mahogany wand [of undead turning (0:5)] P - an [uncursed] wand of slow monster [0:3] Tools C - an [uncursed] lock pick D - a cursed [magic] lamp (lit) V - an [uncursed] greased bag [of holding] Gems z - an [uncursed] yellow gem [worthless glass] Contents of the bag of holding: 567 gold pieces a cursed amulet of ESP an [uncursed] apple an [uncursed] tripe ration 2 uncursed scrolls of charging an uncursed scroll of enchant armor an uncursed scroll of enchant weapon an uncursed scroll of light an [uncursed] unlabeled scroll [of blank paper] 2 uncursed potions of blindness an uncursed potion of sleeping a [cursed] potion of sleeping 2 uncursed potions of water an uncursed ring of teleportation an uncursed wand of secret door detection (0:14) an uncursed blindfold an [uncursed] can of grease [0:15] Spells known in the end: Name Level Category Fail Memory a - force bolt 1 attack 0% [|||||...] b - clairvoyance 3 divination 56% [|||||...] c - light 1 divination 0% [|||||...] Your skills at the end: Fighting Skills Weapon Skills quarterstaff [Basic / Expert] Spellcasting Skills attack spells [Expert / Expert] enchantment spells [Basic / Skilled] Final Attributes: You were piously aligned. Hunger level was 698. Your alignment was 50 / 50. Monster difficulty range was 1 - 8. Level difficulty was 8. You resisted cold. You were immune to sleep. You saw invisible. You were warned. You had infravision. You were fast. You had reflection. You had fixed abilities. Your luck was zero. You are dead (3rd time!). Vanquished creatures: 2 small mimics an ettin mummy a gargoyle 2 ochre jellies a leocrotta an ettin zombie 2 leather golems 2 incubi 3 giant beetles a panther a spotted jelly a mumak a brown pudding a rust monster a yeti a werewolf a dog a dingo 2 dwarf lords a white unicorn a plains centaur a snake 2 rope golems 2 wood nymphs 2 mountain nymphs 2 Uruk-hai 2 rock moles 2 ponies 4 yellow lights a shrieker 5 gnome lords a gnomish wizard an elf zombie 2 ghouls a straw golem a wax golem a giant ant a little dog a floating eye 13 dwarves a kobold lord a kobold shaman 4 hill orcs 2 rabid rats a centipede a monkey 2 dwarf zombies 2 iguanas 11 killer bees 3 acid blobs a coyote 2 gas spores a hobbit 14 manes a large kobold 2 cave spiders 2 yellow molds a green mold 2 red molds 26 gnomes 2 garter snakes a gnome zombie 2 geckos 2 jackals 2 kobolds 2 goblins 4 grid bugs 3 lichens 2 kobold zombies 6 newts 179 creatures vanquished. Voluntary challenges: You used a wielded weapon 73 times. You read items or engraved 20 times. You put on armor 3 times. You never genocided any monsters. You never polymorphed an object. You never changed form. You used no wishes. You wrote Elbereth's name 6 times. You encountered 2 bones levels. You never used any Sokoban shortcuts. Dungeon overview: The Dungeons of Doom: levels 1 to 6 Level 1 an altar to Anhur a long staircase Level 2 a tool shop, a fountain Level 3 a general store, a fountain Level 4 a jewelry store, a fountain stairs to The Gnomish Mines The Gnomish Mines: levels 5 to 8 Level 5 stairs to The Dungeons of Doom Level 7 <- You were here a lighting shop, a temple to Anhur, a magic chest, a fountain History has recorded: On T:1 you entered the Dungeons of Doom to retrieve the Amulet of Yendor! On T:159 you reached level 2 of The Dungeons of Doom. On T:420 you advanced to experience level 2. On T:487 you reached level 3 of The Dungeons of Doom. On T:490 you advanced to experience level 3. On T:583 you advanced to experience level 4. On T:663 you advanced to experience level 5. On T:745 you reached level 4 of The Dungeons of Doom. On T:812 you reached level 5 of The Dungeons of Doom. On T:1084 you advanced to experience level 6. On T:1104 you reached level 6 of The Dungeons of Doom. On T:1353 you advanced to experience level 7. On T:1532 you reached level 1 of The Gnomish Mines. On T:2957 you reached level 2 of The Gnomish Mines. On T:3024 you advanced to experience level 8. On T:3308 you reached level 3 of The Gnomish Mines. On T:3583 you reached level 4 of The Gnomish Mines. On T:3962 you were saved from death by your amulet of life saving! On T:4644 you were saved from death by your amulet of life saving! On T:5286 you advanced to experience level 9. On T:7997 you received a fireproof quarterstaff of reflection from Anhur. Latest messages: You miss Weeblet's ghost. The tengu bites! [HP-2=31] You miss Weeblet's ghost. (2x) The tengu bites! Weeblet's ghost touches you! [HP-8=23] You hit Weeblet's ghost! The tengu bites! [HP-6=17] You miss Weeblet's ghost. The tengu bites! [HP-3=14] You miss Weeblet's ghost. The tengu bites! [HP-7=7] The spell hits the tengu! The tengu bites! Weeblet's ghost touches you! You die... Final status: Goodbye Megumin the Wizard... You died in The Gnomish Mines on dungeon level 8 with 13662 points, and 1659 pieces of gold, after 8162 moves. You were level 9 with a maximum of 46 hit points when you died.